Penguins vs Capitals

Created - November 29, 2016 at 17:41

Goals
1 2 3 OT1 T
Penguins 1 2 1 1 5
Capitals 1 1 2 0 4
Shots
1 2 3 OT1 T
Penguins 5 9 12 3 29
Capitals 9 9 13 1 32

1st period

1. Capitals , Taylor Hall 11 (Ryan McDonagh, Viktor Stalberg) at 5:20 (PP)
2. Penguins , Mike Cammalleri 6 (Victor Hedman, Ryan Suter) at 12:18 (PP)

Penalties :
Matt Hunwick (PIT) for Cross-checking (Minor) at 5:04, Taylor Hall (WSH) for Slashing (Minor) at 5:57, Mike Blunden (WSH) for Slashing (Minor) at 10:45, Matt Hunwick (PIT) for Roughing (Minor) at 17:56

2nd period

3. Penguins , William Nylander 7 (David Perron, Oliver Bjorkstrand) at 2:36
4. Penguins , Jakub Voracek 5 (Ryan Suter, Gabriel Landeskog) at 5:35
5. Capitals , Alexander Ovechkin 15 (Ryan Kesler) at 6:00

Penalties :
No Penalty

3rd period

6. Capitals , Taylor Hall 12 (Ryan McDonagh, Mike Green) at 15:15 (PP)
7. Penguins , Victor Hedman 3 (Brandon Saad, Mike Cammalleri) at 16:24 (PP)
8. Capitals , Alexander Ovechkin 16 (Ryan Kesler) at 17:09

Penalties :
Ryan McDonagh (WSH) for Interference (Minor) at 6:45, Gabriel Landeskog (PIT) for Hooking (Minor) at 13:19, Mike Green (WSH) for Tripping (Minor) at 15:25

Overtime #1

9. Penguins , Brandon Saad 10 (Alexander Wennberg) at 3:06

Penalties :
No Penalty

Goalie Stats

Louis Domingue (PIT), 28 saves from 32 shots - (0.875), W, 10-8-0, 63:07 minutes
Cam Ward (WSH), 24 saves from 29 shots - (0.828), OTL, 7-4-3, 63:07 minutes

Players Stats for Penguins

Player Name              G  A  P  +/- PIM S  H  SB GA TA FO     MP     PP MP  PK MP  
------------------------------------------------------------------------------------
Alexander Wennberg       0  1  1   0  0   2  0  0  0  0  12/20  20:00   3:07   0:00 
Brandon Saad             1  1  2   0  0   3  0  0  0  0  1/2    20:08   3:07   0:00 
David Perron             0  1  1   1  0   1  6  0  0  0  0/1    11:28   0:00   0:00 
David Savard             0  0  0   0  0   1  1  0  0  0  0/0    15:21   0:00   1:55 
Dmitry Kulikov           0  0  0   0  0   0  1  0  0  0  0/0    12:41   0:00   0:00 
Gabriel Bourque          0  0  0  -1  0   0  1  0  0  0  0/2     7:24   0:00   2:57 
Gabriel Landeskog        0  1  1   0  2   1  8  0  0  0  1/2    22:32   3:23   0:50 
Jakub Voracek            1  0  1   0  0   1  0  0  0  0  2/2    20:55   3:23   0:00 
Luke Glendening          0  0  0  -1  0   0  1  1  0  0  6/12    7:24   0:00   2:57 
Mark Giordano            0  0  0   0  0   4  0  0  0  0  0/0    22:05   3:22   0:16 
Matt Hunwick             0  0  0   0  4   1  2  2  0  0  0/0    21:24   3:22   0:45 
Mike Cammalleri          1  1  2   0  0   6  2  0  0  0  1/2    22:04   3:07   0:00 
Nathan MacKinnon         0  0  0   0  0   2  0  0  0  0  11/27  21:22   3:23   0:00 
Oliver Bjorkstrand       0  1  1   1  0   2  0  0  0  0  1/1    11:44   0:00   0:24 
Pavel Zacha              0  0  0  -1  0   0  0  0  0  0  1/2     5:41   0:00   1:14 
Ryan Suter               0  2  2   0  0   2  1  0  0  0  0/0    27:16   3:08   2:52 
Victor Hedman            1  1  2   0  0   1  1  2  0  0  0/0    27:25   3:08   2:34 
William Nylander         1  0  1   1  0   2  0  0  0  0  5/12   11:20   0:00   0:00 

Players Stats for Capitals

Player Name              G  A  P  +/- PIM S  H  SB GA TA FO     MP     PP MP  PK MP  
------------------------------------------------------------------------------------
Alexander Ovechkin       2  0  2   2  0   5  1  0  0  0  0/0    18:55   2:01   1:19 
Andrew Desjardins        0  0  0  -2  0   1  2  1  0  0  0/0    15:46   0:00   0:32 
Calvin de Haan           0  0  0   1  0   0  2  0  0  0  0/0    21:22   2:00   3:54 
Cody Eakin               0  0  0   0  0   3  0  0  0  0  10/17  12:24   2:00   4:17 
David Desharnais         0  0  0   0  0   4  0  0  0  0  15/21  19:31   2:10   1:49 
Derek Dorsett            0  0  0   0  0   1  2  0  0  0  1/3    10:36   2:00   1:49 
Dmitri Orlov             0  0  0   0  0   0  1  0  0  0  0/0     5:49   0:00   0:26 
Jack Johnson             0  0  0   1  0   0  1  0  0  0  0/0    16:03   0:00   1:15 
Jiri Tlusty              0  0  0  -2  0   2  1  0  0  0  0/0    14:23   0:00   0:00 
Matt Stajan              0  0  0  -2  0   1  1  0  0  0  8/17   15:41   0:00   0:00 
Mike Blunden             0  0  0   0  2   1  4  0  0  0  0/0    14:22   0:00   0:00 
Mike Green               0  1  1   1  2   1  2  0  0  0  0/0    26:27   2:11   2:08 
Morgan Rielly            0  0  0  -2  0   0  1  2  0  0  0/0    20:35   2:00   2:57 
Ryan Kesler              0  2  2   2  0   8  1  0  0  0  7/22   19:42   0:00   0:00 
Ryan McDonagh            0  2  2   1  2   0  2  4  0  0  0/0    21:07   2:11   2:20 
Ryan Murphy              0  0  0  -2  0   0  4  0  0  0  0/0    14:49   0:00   0:00 
Taylor Hall              2  0  2   0  2   3  1  0  0  0  2/4    20:36   2:11   3:14 
Viktor Stalberg          0  1  1   2  0   2  0  0  0  0  1/1    17:46   2:11   0:00 

3 Stars

1 - Alexander Ovechkin (WSH)
2 - Mike Cammalleri (PIT)
3 - Taylor Hall (WSH)

Power Play

Penguins - 2 on 4 Attempt(s) - 50.00%
Capitals - 2 on 3 Attempt(s) - 66.67%

Penalty Kill

Penguins - 1 on 3 Attempt(s) - 33.33% - Score 0 goal in Penalty Kill
Capitals - 2 on 4 Attempt(s) - 50.00% - Score 0 goal in Penalty Kill

Team Stat

Penguins - Hits : 24 - Faceoff Wins : 41 - Blocked Shots : 5 - Penalty Minutes : 6
Capitals - Hits : 26 - Faceoff Wins : 44 - Blocked Shots : 7 - Penalty Minutes : 8

Official

Referees : Kevin Pollock and Evgeny Romasko
Linesman : Scott Cherrey and Vaughan Rody

Game Notes

No Game Note

Finance

Level 1 -- Attendance: 2283 (35.12%) -- Ticket Income $570,750
Level 2 -- Attendance: 1531 (30.62%) -- Ticket Income $306,200
Level 3 -- Attendance: 961 (27.46%) -- Ticket Income $168,175
Level 4 -- Attendance: 652 (26.02%) -- Ticket Income $97,800
Luxury Box -- Attendance: 469 (46.90%) -- Ticket Income $187,600
Game was played at the Verizon Center.
Total Attendance: 5896 (31.86%)
Total Ticket Income: $1,330,525
Other Income: $199,579
Total Income: $1,530,104

% Time on Ice - Penguins

Lines # - Real PCT - Wanted PCT - Time Play
Normal Forward
1 - 34% - 33% - 16:41
2 - 34% - 33% - 16:51
3 - 23% - 23% - 11:20
4 - 9% - 11% - 4:27
Normal Defense
1 - 40% - 40% - 19:37
2 - 35% - 35% - 17:09
3 - 25% - 25% - 12:33
4 - 0% - 0% - 0:00
PP Forward
1 - 52% - 60% - 3:23
2 - 48% - 40% - 3:07
PP Defense
1 - 48% - 60% - 3:08
2 - 52% - 40% - 3:22
PK Forward
1 - 71% - 60% - 2:57
2 - 29% - 40% - 1:14
PK Defense
1 - 54% - 60% - 2:16
2 - 46% - 40% - 1:55
PK3 Forward
1 - 0% - 60%
2 - 0% - 40%
PK3 Defense
1 - 0% - 60%
2 - 0% - 40%
44 Forward
1 - 0% - 60%
2 - 0% - 40%
44 Defense
1 - 0% - 60%
2 - 0% - 40%
Last Minute Offensive  - 0:00
Last Minute Defensive  - 0:00
Total
Forward - 60:00
Defense - 60:00

% Time on Ice - Capitals

Lines # - Real PCT - Wanted PCT - Time Play
Normal Forward
1 - 32% - 33% - 15:35
2 - 29% - 30% - 14:23
3 - 29% - 22% - 14:23
4 - 10% - 15% - 4:58
Normal Defense
1 - 31% - 33% - 15:28
2 - 30% - 26% - 14:49
3 - 28% - 26% - 13:39
4 - 11% - 15% - 5:23
PP Forward
1 - 52% - 60% - 2:11
2 - 48% - 40% - 2:00
PP Defense
1 - 52% - 60% - 2:11
2 - 48% - 40% - 2:00
PK Forward
1 - 72% - 60% - 4:41
2 - 28% - 40% - 1:49
PK Defense
1 - 55% - 60% - 3:33
2 - 45% - 40% - 2:57
PK3 Forward
1 - 0% - 60%
2 - 0% - 40%
PK3 Defense
1 - 0% - 60%
2 - 0% - 40%
44 Forward
1 - 0% - 60%
2 - 0% - 40%
44 Defense
1 - 0% - 60%
2 - 0% - 40%
Last Minute Offensive  - 0:00
Last Minute Defensive  - 0:00
Total
Forward - 60:00
Defense - 60:00

Play by Play

1st period


0:01 of 1st period - Nathan MacKinnon wins face-off versus Ryan Kesler in neutral zone.
0:33 of 1st period - Shot by Alexander Ovechkin.
0:33 of 1st period - Stopped by Louis Domingue without a rebound.
0:34 of 1st period - David Desharnais wins face-off versus Alexander Wennberg in Penguins zone.
0:39 of 1st period - Shot by David Desharnais.
0:39 of 1st period - Stopped by Louis Domingue without a rebound.
0:40 of 1st period - William Nylander wins face-off versus Matt Stajan in Penguins zone.
0:46 of 1st period - Oliver Bjorkstrand is hit by Jack Johnson and loses puck.
1:33 of 1st period - David Desharnais is hit by David Perron.
1:50 of 1st period - Shot by David Desharnais.
1:50 of 1st period - Stopped by Louis Domingue without a rebound.
1:51 of 1st period - Alexander Wennberg wins face-off versus Cody Eakin in Penguins zone.
2:17 of 1st period - Shot by Ryan Kesler.
2:17 of 1st period - Stopped by Louis Domingue without a rebound.
2:18 of 1st period - David Desharnais wins face-off versus Gabriel Bourque in Penguins zone.
3:07 of 1st period - Icing by Ryan Murphy.
3:08 of 1st period - David Desharnais wins face-off versus Nathan MacKinnon in Capitals zone.
3:20 of 1st period - Icing by Matt Hunwick.
3:21 of 1st period - Nathan MacKinnon wins face-off versus Ryan Kesler in Penguins zone.
3:46 of 1st period - Shot by Viktor Stalberg.
3:46 of 1st period - Stopped by Louis Domingue without a rebound.
3:47 of 1st period - Alexander Wennberg wins face-off versus Matt Stajan in Penguins zone.
4:10 of 1st period - Jack Johnson is hit by Mike Cammalleri and loses puck.
4:47 of 1st period - Shot by Nathan MacKinnon.
4:47 of 1st period - Shot Misses the Net.
5:04 of 1st period - Minor Penalty to Matt Hunwick for Cross-checking.
5:05 of 1st period - Taylor Hall wins face-off versus Gabriel Bourque in Penguins zone.
5:08 of 1st period - Shot by David Desharnais.
5:08 of 1st period - Shot Misses the Net.
5:10 of 1st period - Shot by Mike Green.
5:10 of 1st period - Stopped by Louis Domingue with a rebound.
5:20 of 1st period - Shot by Taylor Hall.
5:20 of 1st period - Goal by Taylor Hall - Penguins : 0 - Capitals : 1.
5:21 of 1st period - Cody Eakin wins face-off versus David Perron in neutral zone.
5:44 of 1st period - Shot by Cody Eakin.
5:44 of 1st period - Stopped by Louis Domingue without a rebound.
5:45 of 1st period - David Desharnais wins face-off versus Alexander Wennberg in Penguins zone.
5:57 of 1st period - Minor Penalty to Taylor Hall for Slashing.
5:58 of 1st period - Cody Eakin wins face-off versus Nathan MacKinnon in Capitals zone.
5:58 of 1st period - Cody Eakin is hit by Gabriel Landeskog.
6:16 of 1st period - Shot by Nathan MacKinnon.
6:16 of 1st period - Deflect By Gabriel Landeskog.
6:16 of 1st period - Shot Blocked by Ryan McDonagh.
6:18 of 1st period - Shot by Ryan Suter.
6:18 of 1st period - Shot Blocked by Ryan McDonagh.
6:20 of 1st period - Shot by Ryan Suter.
6:20 of 1st period - Stopped by Cam Ward without a rebound.
6:21 of 1st period - Mike Cammalleri wins face-off versus Cody Eakin in Capitals zone.
7:31 of 1st period - Shot by Ryan Suter.
7:31 of 1st period - Stopped by Cam Ward without a rebound.
7:32 of 1st period - David Desharnais wins face-off versus Nathan MacKinnon in Capitals zone.
7:43 of 1st period - Morgan Rielly is hit by Gabriel Landeskog and loses puck.
7:57 of 1st period - Off-side.
7:58 of 1st period - William Nylander wins face-off versus Matt Stajan in neutral zone.
8:10 of 1st period - Icing by Dmitri Orlov.
8:11 of 1st period - Matt Stajan wins face-off versus Nathan MacKinnon in Capitals zone.
9:22 of 1st period - Matt Stajan is hit by Matt Hunwick and loses puck.
9:57 of 1st period - Shot by William Nylander.
9:57 of 1st period - Shot Misses the Net.
9:59 of 1st period - Shot by William Nylander.
9:59 of 1st period - Shot Misses the Net.
10:01 of 1st period - Shot by Dmitry Kulikov.
10:01 of 1st period - Shot Misses the Net.
10:12 of 1st period - Shot by Oliver Bjorkstrand.
10:12 of 1st period - Stopped by Cam Ward without a rebound.
10:13 of 1st period - Taylor Hall wins face-off versus Luke Glendening in Capitals zone.
10:13 of 1st period - Taylor Hall is hit by Luke Glendening.
10:26 of 1st period - Icing by Calvin de Haan.
10:27 of 1st period - David Desharnais wins face-off versus Nathan MacKinnon in Capitals zone.
10:27 of 1st period - Taylor Hall is hit by Gabriel Landeskog and loses puck.
10:45 of 1st period - Minor Penalty to Mike Blunden for Slashing.
10:46 of 1st period - Alexander Wennberg wins face-off versus Cody Eakin in Capitals zone.
10:46 of 1st period - Alexander Wennberg is hit by Calvin de Haan.
11:10 of 1st period - Shot by Brandon Saad.
11:10 of 1st period - Stopped by Cam Ward without a rebound.
11:11 of 1st period - David Desharnais wins face-off versus Nathan MacKinnon in Capitals zone.
11:11 of 1st period - David Desharnais is hit by Gabriel Landeskog.
12:12 of 1st period - Shot by Victor Hedman.
12:12 of 1st period - Shot Misses the Net.
12:16 of 1st period - Shot by Mike Cammalleri.
12:16 of 1st period - Shot Misses the Net.
12:18 of 1st period - Shot by Mike Cammalleri.
12:18 of 1st period - Goal by Mike Cammalleri - Penguins : 1 - Capitals : 1.
12:19 of 1st period - Oliver Bjorkstrand wins face-off versus Ryan Kesler in neutral zone.
12:33 of 1st period - Icing by Alexander Ovechkin.
12:34 of 1st period - Alexander Wennberg wins face-off versus Ryan Kesler in Capitals zone.
13:18 of 1st period - Icing by Viktor Stalberg.
13:19 of 1st period - Nathan MacKinnon wins face-off versus Ryan Kesler in Capitals zone.
14:03 of 1st period - Nathan MacKinnon is hit by Morgan Rielly and loses puck.
14:21 of 1st period - William Nylander is hit by Mike Blunden and loses puck.
14:31 of 1st period - Off-side.
14:32 of 1st period - Matt Stajan wins face-off versus Alexander Wennberg in neutral zone.
14:58 of 1st period - Shot by Matt Stajan.
14:58 of 1st period - Shot Misses the Net.
15:36 of 1st period - Mike Cammalleri is hit by Ryan Kesler and loses puck.
17:24 of 1st period - Oliver Bjorkstrand is hit by Ryan Murphy and loses puck.
17:39 of 1st period - Shot by David Desharnais.
17:39 of 1st period - Stopped by Louis Domingue without a rebound.
17:40 of 1st period - Luke Glendening wins face-off versus Matt Stajan in Penguins zone.
17:56 of 1st period - Minor Penalty to Matt Hunwick for Roughing.
17:57 of 1st period - Luke Glendening wins face-off versus Derek Dorsett in Penguins zone.
18:08 of 1st period - Shot by Morgan Rielly.
18:08 of 1st period - Shot Blocked by Luke Glendening.
18:10 of 1st period - Shot by Calvin de Haan.
18:10 of 1st period - Shot Misses the Net.
18:35 of 1st period - Icing by Cody Eakin.
18:36 of 1st period - Derek Dorsett wins face-off versus Pavel Zacha in Capitals zone.
18:55 of 1st period - Off-side.
18:56 of 1st period - Luke Glendening wins face-off versus Taylor Hall in neutral zone.
18:56 of 1st period - Ryan Suter is hit by Alexander Ovechkin and loses puck.
19:26 of 1st period - Icing by Viktor Stalberg.
19:27 of 1st period - Pavel Zacha wins face-off versus Taylor Hall in Capitals zone.
Goals for this period are 1 for Penguins vs 1 for Capitals.
Shots for this period are 5 for Penguins vs 9 for Capitals.

2nd period


0:01 of 2nd period - Nathan MacKinnon wins face-off versus David Desharnais in neutral zone.
0:03 of 2nd period - Off-side.
0:04 of 2nd period - Cody Eakin wins face-off versus Nathan MacKinnon in neutral zone.
0:17 of 2nd period - Shot by Ryan Kesler.
0:17 of 2nd period - Shot Misses the Net.
2:17 of 2nd period - William Nylander is hit by Andrew Desjardins and loses puck.
2:32 of 2nd period - Shot by Oliver Bjorkstrand.
2:32 of 2nd period - Deflect By David Perron.
2:32 of 2nd period - Shot Misses the Net.
2:36 of 2nd period - Shot by William Nylander.
2:36 of 2nd period - Goal by William Nylander - Penguins : 2 - Capitals : 1.
2:37 of 2nd period - Ryan Kesler wins face-off versus Luke Glendening in neutral zone.
2:39 of 2nd period - Off-side.
2:40 of 2nd period - Nathan MacKinnon wins face-off versus Ryan Kesler in neutral zone.
3:02 of 2nd period - Ryan Kesler is hit by Victor Hedman and loses puck.
3:23 of 2nd period - Shot by Nathan MacKinnon.
3:23 of 2nd period - Shot Blocked by Ryan McDonagh.
3:43 of 2nd period - Shot by David Perron.
3:43 of 2nd period - Shot Misses the Net.
3:59 of 2nd period - Calvin de Haan is hit by David Perron and loses puck.
4:12 of 2nd period - Shot by David Perron.
4:12 of 2nd period - Stopped by Cam Ward without a rebound.
4:13 of 2nd period - Alexander Wennberg wins face-off versus Matt Stajan in Capitals zone.
4:17 of 2nd period - Mike Cammalleri is hit by Ryan Murphy.
4:40 of 2nd period - Shot by Mike Cammalleri.
4:40 of 2nd period - Stopped by Cam Ward with a rebound.
4:42 of 2nd period - Shot by Matt Hunwick.
4:42 of 2nd period - Shot Misses the Net.
4:44 of 2nd period - Shot by Alexander Wennberg.
4:44 of 2nd period - Stopped by Cam Ward with a rebound.
4:54 of 2nd period - Shot by Brandon Saad.
4:54 of 2nd period - Shot Misses the Net.
5:05 of 2nd period - Icing by Morgan Rielly.
5:06 of 2nd period - Matt Stajan wins face-off versus Nathan MacKinnon in Capitals zone.
5:10 of 2nd period - Ryan Murphy is hit by Gabriel Landeskog and loses puck.
5:21 of 2nd period - Shot by Gabriel Landeskog.
5:21 of 2nd period - Shot Blocked by Andrew Desjardins.
5:35 of 2nd period - Shot by Jakub Voracek.
5:35 of 2nd period - Goal by Jakub Voracek - Penguins : 3 - Capitals : 1.
5:36 of 2nd period - David Desharnais wins face-off versus Luke Glendening in neutral zone.
5:56 of 2nd period - Icing by Dmitry Kulikov.
5:57 of 2nd period - Ryan Kesler wins face-off versus Luke Glendening in Penguins zone.
6:00 of 2nd period - Shot by Alexander Ovechkin.
6:00 of 2nd period - Goal by Alexander Ovechkin - Penguins : 3 - Capitals : 2.
6:01 of 2nd period - Ryan Kesler wins face-off versus Alexander Wennberg in neutral zone.
6:10 of 2nd period - Shot by Alexander Ovechkin.
6:10 of 2nd period - Shot Misses the Net.
6:12 of 2nd period - Shot by Ryan Kesler.
6:12 of 2nd period - Shot Blocked by Victor Hedman.
6:14 of 2nd period - Shot by Ryan Kesler.
6:14 of 2nd period - Shot Blocked by Victor Hedman.
6:36 of 2nd period - Shot by Viktor Stalberg.
6:36 of 2nd period - Stopped by Louis Domingue without a rebound.
6:37 of 2nd period - David Desharnais wins face-off versus Nathan MacKinnon in Penguins zone.
8:45 of 2nd period - Jack Johnson is hit by Mike Cammalleri and loses puck.
8:56 of 2nd period - Shot by Ryan Kesler.
8:56 of 2nd period - Stopped by Louis Domingue without a rebound.
8:57 of 2nd period - Matt Stajan wins face-off versus William Nylander in Penguins zone.
9:30 of 2nd period - Jiri Tlusty is hit by David Perron and loses puck.
9:51 of 2nd period - Gabriel Landeskog is hit by Andrew Desjardins and loses puck.
10:12 of 2nd period - Shot by Alexander Ovechkin.
10:12 of 2nd period - Deflect By Viktor Stalberg.
10:12 of 2nd period - Shot Misses the Net.
10:28 of 2nd period - Shot by Alexander Ovechkin.
10:28 of 2nd period - Shot Blocked by Matt Hunwick.
10:30 of 2nd period - Shot by Jack Johnson.
10:30 of 2nd period - Shot Misses the Net.
10:32 of 2nd period - Shot by Ryan Kesler.
10:32 of 2nd period - Deflect By Viktor Stalberg.
10:32 of 2nd period - Shot Misses the Net.
10:36 of 2nd period - Shot by Ryan Kesler.
10:36 of 2nd period - Stopped by Louis Domingue with a rebound.
10:40 of 2nd period - Shot by Ryan Kesler.
10:40 of 2nd period - Shot Misses the Net.
11:04 of 2nd period - Ryan Suter is hit by Derek Dorsett and loses puck.
11:18 of 2nd period - Icing by Dmitri Orlov.
11:19 of 2nd period - Cody Eakin wins face-off versus William Nylander in Capitals zone.
11:24 of 2nd period - Dmitri Orlov is hit by David Perron and loses puck.
12:56 of 2nd period - Icing by Victor Hedman.
12:57 of 2nd period - Alexander Wennberg wins face-off versus Ryan Kesler in Penguins zone.
13:04 of 2nd period - Shot by Ryan Kesler.
13:04 of 2nd period - Deflect By Alexander Ovechkin.
13:04 of 2nd period - Shot Misses the Net.
13:25 of 2nd period - Icing by Calvin de Haan.
13:26 of 2nd period - Nathan MacKinnon wins face-off versus Ryan Kesler in Capitals zone.
13:26 of 2nd period - Gabriel Landeskog is hit by Calvin de Haan and loses puck.
14:16 of 2nd period - Icing by Mark Giordano.
14:17 of 2nd period - Matt Stajan wins face-off versus Nathan MacKinnon in Penguins zone.
15:03 of 2nd period - Shot by William Nylander.
15:03 of 2nd period - Stopped by Cam Ward without a rebound.
15:04 of 2nd period - David Desharnais wins face-off versus Brandon Saad in Capitals zone.
15:19 of 2nd period - Shot by Mike Blunden.
15:19 of 2nd period - Stopped by Louis Domingue without a rebound.
15:20 of 2nd period - Cody Eakin wins face-off versus Luke Glendening in Penguins zone.
15:51 of 2nd period - Shot by Cody Eakin.
15:51 of 2nd period - Stopped by Louis Domingue with a rebound.
15:55 of 2nd period - Shot by Ryan Kesler.
15:55 of 2nd period - Shot Misses the Net.
15:57 of 2nd period - Shot by Ryan Kesler.
15:57 of 2nd period - Shot Misses the Net.
15:59 of 2nd period - Shot by Cody Eakin.
15:59 of 2nd period - Shot Misses the Net.
16:31 of 2nd period - Shot by Taylor Hall.
16:31 of 2nd period - Stopped by Louis Domingue without a rebound.
16:32 of 2nd period - Alexander Wennberg wins face-off versus Matt Stajan in Penguins zone.
16:59 of 2nd period - Shot by Andrew Desjardins.
16:59 of 2nd period - Shot Misses the Net.
17:07 of 2nd period - Shot by Brandon Saad.
17:07 of 2nd period - Deflect By Mike Cammalleri.
17:07 of 2nd period - Shot Blocked by Morgan Rielly.
17:15 of 2nd period - Shot by Mike Cammalleri.
17:15 of 2nd period - Shot Misses the Net.
17:17 of 2nd period - Shot by Brandon Saad.
17:17 of 2nd period - Shot Misses the Net.
17:46 of 2nd period - Ryan Kesler is hit by Gabriel Landeskog and loses puck.
18:11 of 2nd period - Shot by Ryan Kesler.
18:11 of 2nd period - Stopped by Louis Domingue without a rebound.
18:12 of 2nd period - David Desharnais wins face-off versus William Nylander in Penguins zone.
18:18 of 2nd period - Icing by Ryan Suter.
18:19 of 2nd period - David Desharnais wins face-off versus William Nylander in Penguins zone.
18:59 of 2nd period - Oliver Bjorkstrand is hit by Mike Blunden and loses puck.
19:14 of 2nd period - Shot by Alexander Ovechkin.
19:14 of 2nd period - Stopped by Louis Domingue without a rebound.
19:15 of 2nd period - Ryan Kesler wins face-off versus Mike Cammalleri in Penguins zone.
19:21 of 2nd period - Ryan Kesler is hit by Matt Hunwick and loses puck.
19:40 of 2nd period - Shot by Mike Cammalleri.
19:40 of 2nd period - Stopped by Cam Ward with a rebound.
19:42 of 2nd period - Shot by Mark Giordano.
19:42 of 2nd period - Stopped by Cam Ward with a rebound.
19:46 of 2nd period - Shot by Mike Cammalleri.
19:46 of 2nd period - Shot Blocked by Ryan McDonagh.
19:54 of 2nd period - Shot by Mike Cammalleri.
19:54 of 2nd period - Stopped by Cam Ward without a rebound.
19:55 of 2nd period - Matt Stajan wins face-off versus Nathan MacKinnon in Capitals zone.
19:55 of 2nd period - Matt Stajan is hit by Gabriel Landeskog.
Goals for this period are 2 for Penguins vs 1 for Capitals.
Shots for this period are 9 for Penguins vs 9 for Capitals.

3rd period


0:01 of 3rd period - Jakub Voracek wins face-off versus Ryan Kesler in neutral zone.
0:08 of 3rd period - Shot by Gabriel Landeskog.
0:08 of 3rd period - Stopped by Cam Ward without a rebound.
0:09 of 3rd period - Nathan MacKinnon wins face-off versus Cody Eakin in Capitals zone.
0:20 of 3rd period - Shot by Victor Hedman.
0:20 of 3rd period - Shot Misses the Net.
0:29 of 3rd period - Icing by Derek Dorsett.
0:30 of 3rd period - Alexander Wennberg wins face-off versus Cody Eakin in Capitals zone.
0:30 of 3rd period - Alexander Wennberg is hit by Ryan McDonagh.
0:38 of 3rd period - Shot by Ryan Kesler.
0:38 of 3rd period - Stopped by Louis Domingue without a rebound.
0:39 of 3rd period - Nathan MacKinnon wins face-off versus David Desharnais in Penguins zone.
1:12 of 3rd period - Shot by David Desharnais.
1:12 of 3rd period - Stopped by Louis Domingue without a rebound.
1:13 of 3rd period - Alexander Wennberg wins face-off versus Ryan Kesler in Penguins zone.
2:23 of 3rd period - Shot by William Nylander.
2:23 of 3rd period - Shot Blocked by Morgan Rielly.
2:25 of 3rd period - Shot by David Savard.
2:25 of 3rd period - Shot Misses the Net.
2:31 of 3rd period - Shot by William Nylander.
2:31 of 3rd period - Shot Misses the Net.
2:33 of 3rd period - Shot by David Savard.
2:33 of 3rd period - Stopped by Cam Ward without a rebound.
2:34 of 3rd period - Gabriel Landeskog wins face-off versus David Desharnais in Capitals zone.
3:15 of 3rd period - Shot by Mark Giordano.
3:15 of 3rd period - Stopped by Cam Ward with a rebound.
3:17 of 3rd period - Shot by Nathan MacKinnon.
3:17 of 3rd period - Shot Misses the Net.
3:19 of 3rd period - Shot by Mark Giordano.
3:19 of 3rd period - Stopped by Cam Ward without a rebound.
3:20 of 3rd period - Matt Stajan wins face-off versus William Nylander in Capitals zone.
3:33 of 3rd period - Shot by Matt Stajan.
3:33 of 3rd period - Shot Misses the Net.
3:35 of 3rd period - Shot by Jiri Tlusty.
3:35 of 3rd period - Stopped by Louis Domingue without a rebound.
3:36 of 3rd period - Brandon Saad wins face-off versus Ryan Kesler in Penguins zone.
3:41 of 3rd period - Shot by Mike Cammalleri.
3:41 of 3rd period - Stopped by Cam Ward without a rebound.
3:42 of 3rd period - Ryan Kesler wins face-off versus Luke Glendening in Capitals zone.
3:42 of 3rd period - Ryan McDonagh is hit by Gabriel Bourque and loses puck.
4:26 of 3rd period - Off-side.
4:27 of 3rd period - David Desharnais wins face-off versus Alexander Wennberg in neutral zone.
4:37 of 3rd period - Brandon Saad is hit by Ryan Murphy and loses puck.
4:53 of 3rd period - Mike Cammalleri is hit by Ryan Murphy and loses puck.
5:38 of 3rd period - Jack Johnson is hit by Dmitry Kulikov and loses puck.
5:47 of 3rd period - Shot by Jiri Tlusty.
5:47 of 3rd period - Stopped by Louis Domingue without a rebound.
5:48 of 3rd period - Viktor Stalberg wins face-off versus William Nylander in Penguins zone.
5:49 of 3rd period - Shot by Ryan Kesler.
5:49 of 3rd period - Shot Misses the Net.
6:05 of 3rd period - Ryan Suter is hit by Mike Green and loses puck.
6:15 of 3rd period - Icing by Ryan McDonagh.
6:16 of 3rd period - Nathan MacKinnon wins face-off versus Ryan Kesler in Capitals zone.
6:16 of 3rd period - Nathan MacKinnon is hit by Mike Green.
6:39 of 3rd period - Gabriel Landeskog is hit by Ryan McDonagh and loses puck.
6:44 of 3rd period - Shot by Gabriel Landeskog.
6:44 of 3rd period - Shot Misses the Net.
6:45 of 3rd period - Minor Penalty to Ryan McDonagh for Interference.
6:46 of 3rd period - Cody Eakin wins face-off versus Alexander Wennberg in Capitals zone.
9:10 of 3rd period - Ryan Kesler is hit by David Perron and loses puck.
9:35 of 3rd period - Icing by David Savard.
9:36 of 3rd period - William Nylander wins face-off versus Matt Stajan in Penguins zone.
9:36 of 3rd period - William Nylander is hit by Matt Stajan.
10:08 of 3rd period - Shot by Matt Stajan.
10:08 of 3rd period - Stopped by Louis Domingue without a rebound.
10:09 of 3rd period - Nathan MacKinnon wins face-off versus David Desharnais in Penguins zone.
10:09 of 3rd period - Nathan MacKinnon is hit by Mike Blunden.
10:41 of 3rd period - Shot by Jakub Voracek.
10:41 of 3rd period - Deflect By Nathan MacKinnon.
10:41 of 3rd period - Stopped by Cam Ward without a rebound.
10:42 of 3rd period - Alexander Wennberg wins face-off versus Ryan Kesler in Capitals zone.
11:22 of 3rd period - Shot by Alexander Ovechkin.
11:22 of 3rd period - Shot Hit the Post.
11:24 of 3rd period - Shot by Viktor Stalberg.
11:24 of 3rd period - Shot Misses the Net.
11:26 of 3rd period - Shot by Ryan Kesler.
11:26 of 3rd period - Stopped by Louis Domingue with a rebound.
11:58 of 3rd period - Shot by Jakub Voracek.
11:58 of 3rd period - Shot Misses the Net.
12:07 of 3rd period - Icing by Nathan MacKinnon.
12:08 of 3rd period - David Desharnais wins face-off versus Nathan MacKinnon in Penguins zone.
12:21 of 3rd period - Taylor Hall is hit by Gabriel Landeskog and loses puck.
12:26 of 3rd period - Shot by Nathan MacKinnon.
12:26 of 3rd period - Shot Misses the Net.
12:33 of 3rd period - Icing by Jack Johnson.
12:34 of 3rd period - David Desharnais wins face-off versus William Nylander in Capitals zone.
12:42 of 3rd period - Off-side.
12:43 of 3rd period - Luke Glendening wins face-off versus Cody Eakin in neutral zone.
12:43 of 3rd period - Luke Glendening is hit by Derek Dorsett.
12:48 of 3rd period - Gabriel Bourque is hit by Dmitri Orlov and loses puck.
13:05 of 3rd period - Shot by Ryan Kesler.
13:05 of 3rd period - Stopped by Louis Domingue with a rebound.
13:07 of 3rd period - Shot by Derek Dorsett.
13:07 of 3rd period - Stopped by Louis Domingue with a rebound.
13:09 of 3rd period - Shot by Ryan Kesler.
13:09 of 3rd period - Stopped by Louis Domingue without a rebound.
13:10 of 3rd period - Nathan MacKinnon wins face-off versus David Desharnais in Penguins zone.
13:10 of 3rd period - Nathan MacKinnon is hit by Mike Blunden.
13:19 of 3rd period - Minor Penalty to Gabriel Landeskog for Hooking.
13:20 of 3rd period - Luke Glendening wins face-off versus David Desharnais in Penguins zone.
14:34 of 3rd period - Shot by Oliver Bjorkstrand.
14:34 of 3rd period - Stopped by Cam Ward without a rebound.
14:35 of 3rd period - Luke Glendening wins face-off versus Derek Dorsett in Capitals zone.
15:15 of 3rd period - Shot by Taylor Hall.
15:15 of 3rd period - Goal by Taylor Hall - Penguins : 3 - Capitals : 3.
15:16 of 3rd period - Alexander Wennberg wins face-off versus Matt Stajan in neutral zone.
15:16 of 3rd period - Alexander Wennberg is hit by Jiri Tlusty.
15:24 of 3rd period - Shot by Alexander Wennberg.
15:24 of 3rd period - Stopped by Cam Ward with a rebound.
15:25 of 3rd period - Minor Penalty to Mike Green for Tripping.
15:26 of 3rd period - Cody Eakin wins face-off versus Nathan MacKinnon in Capitals zone.
15:39 of 3rd period - Nathan MacKinnon is hit by Taylor Hall and loses puck.
16:01 of 3rd period - Shot by Mark Giordano.
16:01 of 3rd period - Stopped by Cam Ward without a rebound.
16:02 of 3rd period - Cody Eakin wins face-off versus Alexander Wennberg in Capitals zone.
16:22 of 3rd period - Shot by Mike Cammalleri.
16:22 of 3rd period - Deflect By Brandon Saad.
16:22 of 3rd period - Shot Misses the Net.
16:24 of 3rd period - Shot by Victor Hedman.
16:24 of 3rd period - Goal by Victor Hedman - Penguins : 4 - Capitals : 3.
16:25 of 3rd period - William Nylander wins face-off versus Ryan Kesler in neutral zone.
16:28 of 3rd period - Mike Green is hit by David Perron.
16:36 of 3rd period - Shot by Alexander Ovechkin.
16:36 of 3rd period - Stopped by Louis Domingue without a rebound.
16:37 of 3rd period - Matt Stajan wins face-off versus Alexander Wennberg in Penguins zone.
17:05 of 3rd period - Shot by Andrew Desjardins.
17:05 of 3rd period - Shot Blocked by Matt Hunwick.
17:07 of 3rd period - Shot by Andrew Desjardins.
17:07 of 3rd period - Stopped by Louis Domingue without a rebound.
17:08 of 3rd period - Ryan Kesler wins face-off versus Nathan MacKinnon in Penguins zone.
17:09 of 3rd period - Shot by Alexander Ovechkin.
17:09 of 3rd period - Goal by Alexander Ovechkin - Penguins : 4 - Capitals : 4.
17:10 of 3rd period - Jakub Voracek wins face-off versus Ryan Kesler in neutral zone.
17:13 of 3rd period - Shot by Nathan MacKinnon.
17:13 of 3rd period - Stopped by Cam Ward without a rebound.
17:14 of 3rd period - Ryan Kesler wins face-off versus Nathan MacKinnon in Capitals zone.
17:24 of 3rd period - Ryan McDonagh is hit by Ryan Suter and loses puck.
18:32 of 3rd period - Shot by Brandon Saad.
18:32 of 3rd period - Shot Misses the Net.
18:48 of 3rd period - Shot by Matt Hunwick.
18:48 of 3rd period - Stopped by Cam Ward without a rebound.
18:49 of 3rd period - William Nylander wins face-off versus Matt Stajan in Capitals zone.
18:52 of 3rd period - Shot by David Perron.
18:52 of 3rd period - Shot Misses the Net.
19:03 of 3rd period - Andrew Desjardins is hit by David Savard and loses puck.
Goals for this period are 1 for Penguins vs 2 for Capitals.
Shots for this period are 12 for Penguins vs 13 for Capitals.

Overtime #1


0:01 of 1st overtime period - Cody Eakin wins face-off versus Nathan MacKinnon in neutral zone.
0:26 of 1st overtime period - Shot by Mike Cammalleri.
0:26 of 1st overtime period - Stopped by Cam Ward without a rebound.
0:27 of 1st overtime period - Cody Eakin wins face-off versus Gabriel Landeskog in Capitals zone.
0:34 of 1st overtime period - Shot by Cody Eakin.
0:34 of 1st overtime period - Stopped by Louis Domingue with a rebound.
3:04 of 1st overtime period - Shot by Brandon Saad.
3:04 of 1st overtime period - Stopped by Cam Ward without a rebound.
3:05 of 1st overtime period - Alexander Wennberg wins face-off versus Cody Eakin in Capitals zone.
3:06 of 1st overtime period - Shot by Brandon Saad.
3:06 of 1st overtime period - Goal by Brandon Saad - Penguins : 5 - Capitals : 4.
Goals for this period are 1 for Penguins vs 0 for Capitals.
Shots for this period are 3 for Penguins vs 1 for Capitals.